 Dungeon Crawl Stone Soup version 0.25-a0-571-gb5e01bddfa (webtiles) character file.

Game seed: 1573510850532854142, levelgen mode: deterministic

213 kae the Sneak (level 5, -3/35 HPs)
             Began as a Vampire Enchanter on Feb 29, 2020.
             Killed from afar by an orc wizard (6 damage)
             ... with a magic dart
             ... on level 3 of the Dungeon.
             The game lasted 00:02:08 (2497 turns).

kae the Sneak (Vampire Enchanter)                   Turns: 2497, Time: 00:02:08

Health: -3/35      AC:  3    Str:  7    XL:     5   Next: 59%
Magic:  2/9        EV: 12    Int: 19    God:
Gold:   95         SH:  0    Dex: 14    Spells: 4/10 levels left

rFire    . . .     SeeInvis +   a - +3 dagger
rCold    . . .     Gourm    .   (no shield)
rNeg     . . .     Faith    .   b - +0 robe
rPois    .         Spirit   .   (no helmet)
rElec    .         Reflect  .   k - +0 cloak
rCorr    .         Harm     .   (no gloves)
MR       .....                  (no boots)
Stlth    +++.......             (no amulet)
HPRegen  0.31/turn              (no ring)
MPRegen  0.11/turn              (no ring)

@: regenerating quickly, slowed, very slow
A: no food, fangs 3, see invisible, unbreathing
a: Exsanguinate


You were on level 3 of the Dungeon.
You were alive.

You visited 1 branch of the dungeon, and saw 3 of its levels.

You collected 95 gold pieces.

Inventory:

Hand Weapons
 a - a +3 dagger (weapon)
Armour
 b - a +0 robe (worn)
 k - a +0 cloak (worn)
Jewellery
 e - an uncursed ring of protection from cold {unknown}
Scrolls
 d - a scroll of identify
Potions
 c - a potion of brilliance


   Skills:
 * Level 3.9 Short Blades
 - Level 2.1 Dodging
 + Level 5.9 Stealth
 + Level 3.0 Spellcasting
 + Level 5.7 Hexes


You had 4 spell levels left.
You knew the following spells:

 Your Spells              Type           Power        Failure   Level  Hunger
a - Corona                Hex            ###....      1%          1    N/A
b - Ensorcelled Hibernat  Hex/Ice        ##....       7%          2    N/A
c - Confusing Touch       Hex            ###.....     4%          3    N/A

Your spell library contained the following spells:

 Spells                   Type           Power        Failure   Level  Hunger
 Tukima's Dance           Hex            ###.....     4%          3    N/A
 Dazzling Flash           Conj/Hex       ##....       14%         3    N/A

Dungeon Overview and Level Annotations

Branches:
Dungeon (3/15)

Altars:
Kikubaaqudgha


Innate Abilities, Weirdness & Mutations

You do not eat.
Your natural rate of healing is unusually fast.
You have razor-sharp teeth.
You have supernaturally acute eyesight. (SInv)
You can survive without breathing.


Message History

You hit the orc wizard.
The orc wizard is heavily wounded.
The orc wizard misses you.
The orc wizard hits you with a +0 dagger.
* * * LOW HITPOINT WARNING * * *
Okay, then.
You hit the orc wizard.
The orc wizard is heavily wounded.
The orc wizard misses you.
The orc wizard casts a spell.
The orc wizard blinks!
The orc wizard hits you but does no damage.
You miss the orc wizard.
The orc wizard is heavily wounded.
The orc wizard is no longer moving quickly.
The orc wizard hits you with a +0 dagger.
* * * LOW HITPOINT WARNING * * *
The orc wizard casts a spell at you. The magic dart hits you.
You die...

####### #.....#
#########.###.###
......)@o§..>...#
.########.####..###
...........#
#####..#..##.######
.......#..#.......#
#......#######.#
.....#.#.#
####.#.#.# #.#.#


You could see an orc wizard.

Vanquished Creatures
  A scorpion (D:3)
  Natasha (thrice) (D:2)
  2 adders
  2 oozes (D:1)
  3 dart slugs
  3 leopard geckos
  2 orcs (D:3)
  4 bats
  2 bat zombies (D:2)
  3 giant cockroaches (D:1)
  9 goblins
  3 hobgoblins (D:1)
  A quokka (D:2)
  3 frilled lizards
  5 kobolds
  12 rats
  A rat zombie (D:2)
59 creatures vanquished.

Notes
Turn   | Place    | Note
-------+----------+-------------------------------------------
     0 | D:1      | kae the Vampire Enchanter began the quest for the Orb.
     0 | D:1      | Reached XP level 1. HP: 13/13 MP: 3/3
   147 | D:1      | Reached XP level 2. HP: 17/19 MP: 5/5
   151 | D:1      | Learned a level 2 spell: Ensorcelled Hibernation
   494 | D:1      | Reached XP level 3. HP: 21/24 MP: 6/6
  1049 | D:1      | Reached skill level 5 in Stealth
  1326 | D:2      | Reached skill level 5 in Hexes
  1622 | D:2      | Noticed Natasha
  1624 | D:2      | Killed Natasha
  1624 | D:2      | Reached XP level 4. HP: 30/30 MP: 7/7
  1672 | D:2      | Learned a level 3 spell: Confusing Touch
  1841 | D:2      | Noticed Natasha
  1847 | D:2      | Killed Natasha
  1914 | D:2      | Noticed Natasha
  1965 | D:2      | Killed Natasha
  1965 | D:2      | Reached XP level 5. HP: 19/35 MP: 2/9
  2212 | D:2      | Found an ancient bone altar of Kikubaaqudgha.
  2497 | D:3      | Killed from afar by an orc wizard

Levels and vault maps discovered:
D:1:      dpeg_arrival_shelter, layout_basic
D:2:      layout_loops_cross, lemuel_zombie_altar_kikubaaqudgha, first_ration,
          uniq_natasha
D:3:      layout_basic

Skill      XL: |  1  2  3  4  5 |
---------------+----------------+-----
Short Blades   | 2 3 |  3.9
Stealth        | 5 |  5.9
Hexes          | 5 |  5.7
Spellcasting   | 3 |  3.0
Dodging        | |  2.1

Action                   |  1- 3 |  4- 6 || total
-------------------------+-------+-------++-------
Melee: Dagger            |   121 |   107 ||   228
       Bite              |     8 |     9 ||    17
 Cast: Ensorcelled Hiber |     6 |    14 ||    20
       Corona            |     1 |       ||     1
  Use: Potion            |       |     2 ||     2
       Scroll            |       |     6 ||     6
 Stab: Sleeping          |    11 |     8 ||    19
Armor: Robe              |     9 |    28 ||    37
       Skin              |       |    11 ||    11
Dodge: Dodged            |    62 |    70 ||   132

Table legend:
 A = Non-vault XP
 B = Vault XP
 C = Vault XP percentage of total XP
 D = Non-vault monster count
 E = Vault monster count
 F = Vault count percentage of total count
                 A         B        C        D         E       F
            +---------+---------+-------+---------+---------+-------
      Total |     267 |      38 |  12.5 |      55 |       4 |   6.8
            +---------+---------+-------+---------+---------+-------
        D:1 |      65 |       0 |   0.0 |      29 |       0 |   0.0
        D:2 |     110 |      38 |  25.7 |      20 |       4 |  16.7
        D:3 |      92 |       0 |   0.0 |       6 |       0 |   0.0
            +---------+---------+-------+---------+---------+-------
